 Dungeon Crawl Stone Soup version 0.22-a0-305-gd21a89c (webtiles) character file.

228 vishdafish the Charmwright (level 6, -6/50 HPs)
             Began as a Gnoll Skald on Mar 29, 2018.
             Was an Initiate of the Shining One.
             Shot with an arrow by a centaur (10 damage)
             ... on level 5 of the Dungeon.
             The game lasted 00:05:33 (2699 turns).

vishdafish the Charmwright (Gnoll Skald)            Turns: 2699, Time: 00:05:33

Health: -6/50      AC:  7    Str: 14    XL:     6   Next: 2%
Magic:  13/13      EV: 11    Int: 17    God:    the Shining One [......]
Gold:   130        SH:  0    Dex: 14    Spells: 12/15 levels left

rFire    . . .     SeeInvis .   a - +0 falchion
rCold    . . .     Gourm    .   (no shield)
rNeg     . . .     Faith    .   l - +0 scale mail
rPois    .         Spirit   .   n - +0 helmet
rElec    .         Reflect  .   v - scarf {repulsion}
rCorr    .         Harm     .   (no gloves)
MR       .....                  (no boots)
Stlth    ..........             (no amulet)
HPRegen  0.16/turn              (no ring)
MPRegen  0.13/turn              (no ring)

@: lethally poisoned (-6 -> -9), glowing, repel missiles
A: distributed training, fangs 1, strong nose
a: Renounce Religion


You were on level 5 of the Dungeon.
You worshipped the Shining One.
The Shining One was noncommittal.
You were not hungry.

You visited 2 branches of the dungeon, and saw 6 of its levels.

You collected 130 gold pieces.

Inventory:

Hand Weapons
 a - a +0 falchion (weapon)
 j - a +0 whip of draining
Armour
 b - a +0 leather armour
 l - a +0 scale mail (worn)
 n - a +0 helmet (worn)
 s - a +0 cloak
 v - a scarf of repulsion (worn)
Jewellery
 u - a +2 ring of evasion {unknown}
Scrolls
 e - 2 scrolls of remove curse {unknown}
 f - 2 scrolls of identify {unknown}
 k - 2 scrolls of fog {unknown}
 m - a scroll of amnesia {unknown}
 o - 2 scrolls of teleportation {unknown}
 p - a scroll of enchant armour {unknown}
 q - a scroll of fear {unknown}
 r - a scroll of blinking {unknown}
Potions
 c - 2 potions of brilliance
 g - a potion of magic
 h - a potion of haste {unknown}
 i - a potion of agility
 t - a potion of mutation {unknown}
Comestibles
 d - 4 rations


   Skills:
 + Level 4.9 Fighting
 + Level 1.7 Short Blades
 + Level 4.9 Long Blades
 + Level 1.7 Axes
 + Level 1.7 Maces & Flails
 + Level 1.7 Polearms
 + Level 1.7 Staves
 + Level 1.7 Slings
 + Level 1.7 Bows
 + Level 1.7 Crossbows
 + Level 1.7 Throwing
 + Level 3.1 Armour
 + Level 4.9 Dodging
 + Level 1.7 Stealth
 + Level 1.7 Shields
 + Level 1.7 Unarmed Combat
 + Level 5.2 Spellcasting
 + Level 1.3 Conjurations
 + Level 1.3 Hexes
 + Level 5.6 Charms
 + Level 1.3 Summonings
 + Level 1.3 Necromancy
 + Level 1.3 Translocations
 + Level 1.3 Transmutations
 + Level 1.3 Fire Magic
 + Level 1.3 Ice Magic
 + Level 1.3 Air Magic
 + Level 1.3 Earth Magic
 + Level 1.3 Poison Magic
 + Level 1.9 Invocations
 + Level 1.7 Evocations


You had 12 spell levels left.
You knew the following spells:

 Your Spells              Type           Power        Failure   Level  Hunger
a - Infusion              Chrm           ###.         5%          1    None
b - Song of Slaying       Chrm           ###.....     9%          2    #......


Dungeon Overview and Level Annotations

Branches:
Dungeon (5/15)             Temple (1/1) D:4

Altars:
Ashenzari
Fedhas
Hepliaklqana
Nemelex Xobeh
Okawaru
Qazlal
Trog
Vehumet
Yredelemnul
Zin
The Shining One


Innate Abilities, Weirdness & Mutations

Your experience applies equally to all skills.
You have very sharp teeth.
Your uncanny sense of smell can sniff out nearby items.


Message History

You are poisoned.
The worker ant poisons you!
Unknown command.
You are too injured to fight recklessly!
Unknown command.
Unknown command.
You are too injured to fight recklessly!
You are too injured to fight recklessly!
Unknown command.
Unknown command.
You feel sick.
The centaur shoots an arrow.
The arrow hits you!
* * * LOW HITPOINT WARNING * * *
There is a stone staircase leading up here.
You see here an arrow.
The centaur shoots an arrow.
The arrow hits you.
* * * LOW HITPOINT WARNING * * *
The worker ant bites you.
* * * LOW HITPOINT WARNING * * *
The centaur shoots an arrow.
The arrow hits you!
You die...

#.#<...........
...............
∆
#.............
#........cl...
#...........
##.......#.#.
#....Z..)....
#.a@.# #(####
#. #. #. ∆ ##


You could see a centaur, an iguana, a worker ant and a giant cockroach zombie.

Vanquished Creatures
  A scorpion (D:4)
  A worker ant (D:4)
  Natasha (twice) (D:4)
  A hound skeleton (D:4)
  4 adders
  An adder skeleton (D:4)
  A worm (D:3)
  3 leopard geckos
  2 orcs
  7 giant cockroaches
  7 goblins
  A hobgoblin (D:1)
  6 bats
  3 frilled lizards
  A jackal skeleton (D:4)
  4 kobolds
  6 rats
51 creatures vanquished.

Notes
Turn   | Place    | Note
-------+----------+-------------------------------------------
     0 | D:1      | vishdafish the Gnoll Skald began the quest for the Orb.
     0 | D:1      | Reached XP level 1. HP: 20/20 MP: 6/6
   133 | D:1      | Found a shattered altar of Ashenzari.
   141 | D:1      | Reached XP level 2. HP: 15/26 MP: 7/7
   840 | D:2      | Reached skill level 5 in Spellcasting
   840 | D:2      | Reached XP level 3. HP: 22/31 MP: 7/9
   959 | D:2      | Found a bloodstained altar of Trog.
  1010 | D:3      | Learned a level 2 spell: Song of Slaying
  1024 | D:3      | Reached skill level 1 in Invocations
  1221 | D:3      | Reached skill level 1 in Short Blades
  1221 | D:3      | Reached skill level 1 in Axes
  1221 | D:3      | Reached skill level 1 in Maces & Flails
  1221 | D:3      | Reached skill level 1 in Polearms
  1221 | D:3      | Reached skill level 1 in Staves
  1221 | D:3      | Reached skill level 1 in Slings
  1221 | D:3      | Reached skill level 1 in Bows
  1221 | D:3      | Reached skill level 1 in Crossbows
  1221 | D:3      | Reached skill level 1 in Throwing
  1221 | D:3      | Reached skill level 1 in Stealth
  1221 | D:3      | Reached skill level 1 in Shields
  1221 | D:3      | Reached skill level 1 in Unarmed Combat
  1221 | D:3      | Reached skill level 1 in Evocations
  1507 | D:4      | Reached XP level 4. HP: 36/38 MP: 11/11
  1621 | D:4      | Found a staircase to the Ecumenical Temple.
  1648 | Temple   | Entered the Ecumenical Temple
  1763 | Temple   | Became a worshipper of the Shining One
  1929 | D:4      | Noticed Natasha
  1938 | D:4      | Killed Natasha
  1938 | D:4      | Reached skill level 1 in Conjurations
  1938 | D:4      | Reached skill level 1 in Hexes
  1938 | D:4      | Reached skill level 1 in Summonings
  1938 | D:4      | Reached skill level 1 in Necromancy
  1938 | D:4      | Reached skill level 1 in Translocations
  1938 | D:4      | Reached skill level 1 in Transmutations
  1938 | D:4      | Reached skill level 1 in Fire Magic
  1938 | D:4      | Reached skill level 1 in Ice Magic
  1938 | D:4      | Reached skill level 1 in Air Magic
  1938 | D:4      | Reached skill level 1 in Earth Magic
  1938 | D:4      | Reached skill level 1 in Poison Magic
  1941 | D:4      | Reached XP level 5. HP: 16/43 MP: 12/12
  2167 | D:4      | Noticed Natasha
  2177 | D:4      | Killed Natasha
  2313 | D:4      | HP: 2/43 [scorpion (1)]
  2583 | D:4      | Reached XP level 6. HP: 37/50 MP: 8/13
  2692 | D:5      | Entered Level 5 of the Dungeon
  2699 | D:5      | Shot with an arrow by a centaur

Vault maps used:
D:1:      scummos_arrival_checkerplants, ashenzari_altar_1
D:2:      lightli_temple_of_fire
D:3:      cheibrodos_old_hovel
D:4:      minmay_temple_entry_hall, first_ration, uniq_natasha
D:5:      kennysheep_mini_moat, overflow_temple_1_default, portal_sewer_entry_d,
          guppyfry_early_orc_mine
Temple:   nicolae_temple_figure_zero

Skill      XL: |  1  2  3  4  5 |
---------------+----------------+-----
Spellcasting   | 5 |  5.2
Invocations    | 1 |  1.9
Short Blades   | 1 |  1.7
Axes           | 1 |  1.7
Maces & Flails | 1 |  1.7
Polearms       | 1 |  1.7
Staves         | 1 |  1.7
Slings         | 1 |  1.7
Bows           | 1 |  1.7
Crossbows      | 1 |  1.7
Throwing       | 1 |  1.7
Stealth        | 1 |  1.7
Shields        | 1 |  1.7
Unarmed Combat | 1 |  1.7
Evocations     | 1 |  1.7
Conjurations   | 1 |  1.3
Hexes          | 1 |  1.3
Summonings     | 1 |  1.3
Necromancy     | 1 |  1.3
Translocations | 1 |  1.3
Transmutations | 1 |  1.3
Fire Magic     | 1 |  1.3
Ice Magic      | 1 |  1.3
Air Magic      | 1 |  1.3
Earth Magic    | 1 |  1.3
Poison Magic   | 1 |  1.3
Armour         | 3 |  3.1
Fighting       | |  4.9
Long Blades    | |  4.9
Dodging        | |  4.9
Charms         | |  5.6

Action                   |  1- 3 |  4- 6 || total
-------------------------+-------+-------++-------
Melee: Falchion          |    48 |    67 ||   115
       Bite              |     9 |     5 ||    14
       Whip              |    72 |     4 ||    76
 Cast: Infusion          |     5 |     1 ||     6
       Song of Slaying   |     1 |       ||     1
  Use: Potion            |       |     6 ||     6
 Stab: Sleeping          |     1 |       ||     1
  Eat: Chunk             |     1 |     5 ||     6
Armor: Leather armour    |    21 |    15 ||    36
       Scale mail        |       |     2 ||     2
Dodge: Dodged            |    87 |    72 ||   159
       Deflected         |       |     2 ||     2
       Rpst.: Falchion   |    13 |    22 ||    35

Table legend:
 A = Spawn XP
 B = Non-spawn XP
 C = Spawn XP percentage of total XP
 D = Spawn monster count
 E = Non-spawn monster count
 F = Spawn count percentage of total count
 G = Total turns spent on level
                    A         B        C        D         E        F      G
               +---------+---------+-------+---------+---------+-------+---------
         Total |       0 |     327 |   0.0 |       0 |      51 |   0.0 |  2699
               +---------+---------+-------+---------+---------+-------+---------
           D:1 |       0 |      26 |   0.0 |       0 |      17 |   0.0 |   593
           D:2 |       0 |      18 |   0.0 |       0 |       4 |   0.0 |   396
           D:3 |       0 |      35 |   0.0 |       0 |      17 |   0.0 |   399
           D:4 |       0 |     248 |   0.0 |       0 |      13 |   0.0 |  1171
               +---------+---------+-------+---------+---------+-------+---------
